MLB
JACKSONVILLE BOMBERS @ ST. LOUIS CARDINALS
05/02/2042
 
TOP OF THE 1ST
Jacksonville Bombers batting - Pitching for St. Louis Cardinals : LHP Josh Thomas
Pitching: LHP Josh Thomas
Batting: LHB Dave Minor 0-0: Called Strike
0-1: Foul Ball, location: 9LMF
0-2: Ball
1-2: Ground out U3 (Groundball, 3, EV 86.9 MPH)
Batting: RHB Jim Brown 0-0: Ball
1-0: Ground out U3 (Groundball, 34, EV 90.0 MPH)
Batting: LHB Yoshihito Abe 0-0: Fly out, F7 (Flyball, 7D, EV 101.3 MPH)
Top of the 1st over - 0 runs, 0 hits, 0 errors, 0 left on base; Jacksonville 0 - St. Louis 0
BOTTOM OF THE 1ST
St. Louis Cardinals batting - Pitching for Jacksonville Bombers : RHP Beau Snyder
Pitching: RHP Beau Snyder
Batting: SHB Bob Wright 0-0: Ball
1-0: SOLO HOME RUN (Flyball, 7D, EV 99.4 MPH), Distance : 370 ft
Batting: LHB Austin Wates Jr. 0-0: Called Strike
0-1: Ball
1-1: Ball
2-1: Swinging Strike
2-2: Ball
3-2: Fly out, F7 (Flyball, 7S, EV 88.8 MPH)
Batting: RHB Ed Johnson 0-0: Ball
1-0: Foul Ball, location: 5F
1-1: Ball
2-1: Ball
3-1: Called Strike
3-2: SINGLE (Groundball, 34D, EV 96.3 MPH)
Batting: LHB José Esparza 0-0: Called Strike
0-1: Fielders Choice at 2nd, 1-6 (Groundball, P, EV 71.3 MPH)
Batting: RHB Jesús Rodríguez 0-0: Ball
1-0: Swinging Strike
1-1: Swinging Strike
1-2: Strikes out looking
Bottom of the 1st over - 1 run, 2 hits, 0 errors, 1 left on base; Jacksonville 0 - St. Louis 1
TOP OF THE 2ND
Jacksonville Bombers batting - Pitching for St. Louis Cardinals : LHP Josh Thomas
Batting: RHB Jeremie Gentileschi 0-0: Ball
1-0: Called Strike
1-1: Ball
2-1: Ground out 4-3 (Groundball, 4, EV 88.1 MPH)
Batting: RHB José Alonso 0-0: Ball
1-0: Ball
2-0: Foul Ball, location: 25F
2-1: SINGLE (Groundball, 6MD, EV 98.1 MPH)
Batting: LHB Héctor González 0-0: Called Strike
0-1: Called Strike
0-2: Strikes out swinging
Batting: SHB Kevin Tucker 0-0: Called Strike
0-1: Fielders Choice at 2nd, 5-4 (Groundball, 5, EV 93.1 MPH)
Top of the 2nd over - 0 runs, 1 hit, 0 errors, 1 left on base; Jacksonville 0 - St. Louis 1
BOTTOM OF THE 2ND
St. Louis Cardinals batting - Pitching for Jacksonville Bombers : RHP Beau Snyder
Batting: LHB Les Dufour 0-0: Called Strike
0-1: Ball
1-1: Foul Ball, location: 7LSF
1-2: Ball
2-2: Ground out 6-3 (Groundball, 6M, EV 77.5 MPH)
Batting: RHB Chris Alexander 0-0: Swinging Strike
0-1: Fly out, F4 (Line Drive, 34, EV 65.0 MPH)
Batting: SHB Iván Durán 0-0: Ball
1-0: Fly out, F8 (Flyball, 8LXD, EV 85.0 MPH)
Bottom of the 2nd over - 0 runs, 0 hits, 0 errors, 0 left on base; Jacksonville 0 - St. Louis 1
TOP OF THE 3RD
Jacksonville Bombers batting - Pitching for St. Louis Cardinals : LHP Josh Thomas
Batting: RHB Pat Mayer 0-0: Called Strike
0-1: Swinging Strike
0-2: Ball
1-2: Ball
2-2: Strikes out swinging
Batting: LHB Juan Novoa 0-0: Called Strike
0-1: Swinging Strike
0-2: Foul Ball, location: 2F
0-2: Ball
1-2: Ground out 3-1 (Groundball, 34, EV 78.8 MPH)
Batting: LHB Dave Minor 0-0: Called Strike
0-1: Ball
1-1: Ball
2-1: Ground out 3-1 (Groundball, 34S, EV 88.8 MPH)
Top of the 3rd over - 0 runs, 0 hits, 0 errors, 0 left on base; Jacksonville 0 - St. Louis 1
BOTTOM OF THE 3RD
St. Louis Cardinals batting - Pitching for Jacksonville Bombers : RHP Beau Snyder
Batting: LHB Tomás Quezada 0-0: Called Strike
0-1: Ball
1-1: Ground out 4-3 (Groundball, 4, EV 86.3 MPH)
Batting: SHB Bob Wright 0-0: Called Strike
0-1: Ball
1-1: Foul Ball, location: 2F
1-2: Ground out 4-3 (Groundball, 4, EV 103.1 MPH)
Batting: LHB Austin Wates Jr. 0-0: Ball
1-0: Called Strike
1-1: Ball
2-1: Ball
3-1: Ground out U3 (Groundball, 34, EV 104.4 MPH)
Bottom of the 3rd over - 0 runs, 0 hits, 0 errors, 0 left on base; Jacksonville 0 - St. Louis 1
TOP OF THE 4TH
Jacksonville Bombers batting - Pitching for St. Louis Cardinals : LHP Josh Thomas
Batting: RHB Jim Brown 0-0: Ground out 1-3 (Groundball, 15S, EV 61.3 MPH)
Batting: LHB Yoshihito Abe 0-0: Ball
1-0: Ball
2-0: Foul Ball, location: 2F
2-1: Swinging Strike
2-2: Ball
3-2: Fly out, F8 (Line Drive, 8RD, EV 99.4 MPH)
Batting: RHB Jeremie Gentileschi 0-0: Ball
1-0: Fly out, F7 (Flyball, 78M, EV 93.8 MPH)
Top of the 4th over - 0 runs, 0 hits, 0 errors, 0 left on base; Jacksonville 0 - St. Louis 1
BOTTOM OF THE 4TH
St. Louis Cardinals batting - Pitching for Jacksonville Bombers : RHP Beau Snyder
Batting: RHB Ed Johnson 0-0: SINGLE (Flyball, 5D, EV 92.5 MPH)
Batting: LHB José Esparza 0-0: Ball
1-0: Ball
2-0: Called Strike
2-1: Ball
3-1: Foul Ball, location: 2F
3-2: Strikes out swinging
Batting: RHB Jesús Rodríguez 0-0: Grounds into double play, 6-4-3 (Groundball, 6, EV 93.8 MPH)
Bottom of the 4th over - 0 runs, 1 hit, 0 errors, 0 left on base; Jacksonville 0 - St. Louis 1
TOP OF THE 5TH
Jacksonville Bombers batting - Pitching for St. Louis Cardinals : LHP Josh Thomas
Batting: RHB José Alonso 0-0: SINGLE (Line Drive, 4MD, EV 64.4 MPH)
Batting: LHB Héctor González 0-0: Ball
1-0: Swinging Strike
1-1: Grounds into double play, 4-6-3 (Groundball, 4, EV 85.0 MPH)
Batting: SHB Kevin Tucker 0-0: Called Strike
0-1: Fly out, F7 (Flyball, 78M, EV 95.6 MPH)
Top of the 5th over - 0 runs, 1 hit, 0 errors, 0 left on base; Jacksonville 0 - St. Louis 1
BOTTOM OF THE 5TH
St. Louis Cardinals batting - Pitching for Jacksonville Bombers : RHP Beau Snyder
Batting: LHB Les Dufour 0-0: Called Strike
0-1: Swinging Strike
0-2: Ball
1-2: Foul Ball, location: 3F
1-2: Strikes out swinging
Batting: RHB Chris Alexander 0-0: Called Strike
0-1: Foul Ball, location: 2F
0-2: Ball
1-2: Foul Ball, location: 5F
1-2: Ground out 4-3 (Groundball, 4, EV 88.1 MPH)
Batting: SHB Iván Durán 0-0: Called Strike
0-1: SINGLE (Groundball, 34D, EV 100.0 MPH)
Batting: LHB Tomás Quezada 0-0: Ball
1-0: Ball
Iván Durán is caught stealing 2nd base 2-6
Bottom of the 5th over - 0 runs, 1 hit, 0 errors, 0 left on base; Jacksonville 0 - St. Louis 1
TOP OF THE 6TH
Jacksonville Bombers batting - Pitching for St. Louis Cardinals : LHP Josh Thomas
Batting: RHB Pat Mayer 0-0: Called Strike
0-1: Foul Ball, location: 25FF
0-2: Ball
1-2: Ground out 6-3 (Groundball, 6, EV 105.6 MPH)
Batting: LHB Juan Novoa 0-0: Foul Ball, location: 23FF
0-1: Foul Ball, location: 5F
0-2: Strikes out swinging
Batting: LHB Dave Minor 0-0: Ground out U3 (Groundball, 13, EV 91.9 MPH)
Top of the 6th over - 0 runs, 0 hits, 0 errors, 0 left on base; Jacksonville 0 - St. Louis 1
BOTTOM OF THE 6TH
St. Louis Cardinals batting - Pitching for Jacksonville Bombers : RHP Beau Snyder
Batting: LHB Tomás Quezada 0-0: Called Strike
0-1: Called Strike
0-2: Strikes out swinging
Batting: SHB Bob Wright 0-0: Ball
1-0: Ball
2-0: Ball
3-0: Swinging Strike
3-1: Base on Balls
Batting: LHB Austin Wates Jr. 0-0: Ball
Bob Wright steals 2nd base
1-0: Intentional Walk
Batting: RHB Ed Johnson 0-0: Ball
1-0: Swinging Strike
1-1: Ball
2-1: Fly out, F8 (Flyball, 8RM, EV 96.3 MPH)
Batting: LHB José Esparza 0-0: Ball
1-0: Foul Ball, location: 25F
1-1: Called Strike
1-2: Ball
2-2: Ground out 4-3 (Groundball, 4, EV 83.8 MPH)
Bottom of the 6th over - 0 runs, 0 hits, 0 errors, 2 left on base; Jacksonville 0 - St. Louis 1
TOP OF THE 7TH
Jacksonville Bombers batting - Pitching for St. Louis Cardinals : LHP Josh Thomas
Batting: RHB Jim Brown 0-0: Called Strike
0-1: Ball
1-1: Ball
2-1: Swinging Strike
2-2: Strikes out swinging
Pinch Hitting: RHB Al Griffin 0-0: Ball
1-0: Fly out, F7 (Line Drive, 7, EV 96.9 MPH)
Batting: RHB Jeremie Gentileschi 0-0: Ball
1-0: Swinging Strike
1-1: Ball
2-1: Foul Ball, location: 7LSF
2-2: Ball
3-2: Foul Ball, location: 7LDF
3-2: Fly out, F7 (Flyball, 78M, EV 88.8 MPH)
Top of the 7th over - 0 runs, 0 hits, 0 errors, 0 left on base; Jacksonville 0 - St. Louis 1
BOTTOM OF THE 7TH
St. Louis Cardinals batting - Pitching for Jacksonville Bombers : RHP Beau Snyder
Now at 1B: Al Griffin
Batting: RHB Jesús Rodríguez 0-0: Ball
1-0: Ball
2-0: Ball
3-0: Base on Balls
Batting: LHB Les Dufour 0-0: Foul Ball, location: 2F
0-1: Ball
1-1: Foul Ball, location: 7LSF
1-2: Foul Ball, location: 7LDF
1-2: SINGLE (Groundball, 6MS, EV 78.8 MPH) (infield hit)
Jesús Rodríguez to second
Batting: RHB Chris Alexander 0-0: Ball
1-0: Ball
2-0: Called Strike
2-1: Foul Ball, location: 3F
2-2: Foul Ball, location: 3SF
2-2: Fly out, F3 (Line Drive, 3, EV 66.9 MPH)
Lined into DP, U3 (Line Drive, 3, EV 66.9 MPH)
Batting: SHB Iván Durán 0-0: Ball
1-0: Fly out, F8 (Flyball, 8LD, EV 100.6 MPH)
Bottom of the 7th over - 0 runs, 1 hit, 0 errors, 1 left on base; Jacksonville 0 - St. Louis 1
TOP OF THE 8TH
Jacksonville Bombers batting - Pitching for St. Louis Cardinals : LHP Josh Thomas
Batting: RHB José Alonso 0-0: Called Strike
0-1: Ground out 5-3 (Groundball, 5L, EV 106.9 MPH)
Batting: LHB Héctor González 0-0: Called Strike
0-1: Swinging Strike
0-2: Ball
1-2: Strikes out swinging
Batting: SHB Kevin Tucker 0-0: Ball
1-0: Ground out 6-3 (Groundball, 6, EV 100.0 MPH)
Top of the 8th over - 0 runs, 0 hits, 0 errors, 0 left on base; Jacksonville 0 - St. Louis 1
BOTTOM OF THE 8TH
St. Louis Cardinals batting - Pitching for Jacksonville Bombers : RHP Beau Snyder
Batting: LHB Tomás Quezada 0-0: Called Strike
0-1: Ball
1-1: Ground out 5-3 (Groundball, 56, EV 87.5 MPH)
Batting: SHB Bob Wright 0-0: Ball
1-0: Called Strike
1-1: Ball
2-1: SINGLE (Flyball, 6MD, EV 91.3 MPH)
Batting: LHB Austin Wates Jr. 0-0: Called Strike
0-1: Foul Ball, location: 2F
0-2: Foul Ball, location: 2F
0-2: Ball
1-2: Foul Ball, location: 5SF
1-2: Ball
2-2: 2-RUN HOME RUN (Flyball, 89XD, EV 101.3 MPH), Distance : 389 ft
Batting: RHB Ed Johnson 0-0: Ball
1-0: Ground out U3 (Groundball, 23, EV 86.3 MPH)
Batting: LHB José Esparza 0-0: Ball
1-0: Ground out 4-3 (Groundball, 4M, EV 83.1 MPH)
Bottom of the 8th over - 2 runs, 2 hits, 0 errors, 0 left on base; Jacksonville 0 - St. Louis 3
TOP OF THE 9TH
Jacksonville Bombers batting - Pitching for St. Louis Cardinals : LHP Josh Thomas
Pitching: RHP Mario Salazar
Batting: RHB Pat Mayer 0-0: Called Strike
0-1: Swinging Strike
0-2: Ball
1-2: Strikes out swinging
Batting: LHB Juan Novoa 0-0: Foul Ball, location: 2F
0-1: Ball
1-1: Ball
2-1: Swinging Strike
2-2: Strikes out swinging
Batting: LHB Dave Minor 0-0: Ball
1-0: SINGLE (Line Drive, 7S, EV 92.5 MPH)
Batting: RHB Jim Brown 0-0: DOUBLE (Line Drive, 78M, EV 89.4 MPH)
Dave Minor to third
Batting: RHB Al Griffin 0-0: Ball
1-0: Foul Ball, location: 3FF
1-1: Foul Ball, location: 25FF
1-2: Strikes out swinging
Top of the 9th over - 0 runs, 2 hits, 0 errors, 2 left on base; Jacksonville 0 - St. Louis 3
Monday, April 29th , 2024 - OOTP Baseball 24.10 Build 82